[Event "Early-Titled-Tuesday-Blitz-October-17-2023"]
[Site "Chess.com"]
[Date "2023.10.17"]
[Round "1"]
[White "Goryachkina"]
[Black "Cambek64"]
[Result "1/2-1/2"]
[WhiteElo "2666"]
[BlackElo "2409"]
[TimeControl "180+1"]
[EndTime "8:06:46 PDT"]
[Termination "Game drawn by repetition"]

1. e4 e6 2. d4 d5 3. Nc3 Nc6 4. Nf3 Nf6 5. e5 Ne4 6. Bd3 Bb4 7. Bd2 Bxc3 8. Bxc3 Nxc3 9. bxc3 b6 10. O-O Bb7 11. Nd2 Na5 12. Qg4 g6 13. Nb3 Nc4 14. a4 a5 15. Qe2 O-O 16. f4 Qe7 17. Rf3 c5 18. Rh3 Rfc8 19. dxc5 bxc5 20. Bxc4 dxc4 21. Nd2 Rd8 22.
Rf1 Rd7 23. Qe3 Rad8 24. Rf2 Bd5 25. g4 f5 26. exf6 Qxf6 27. Ne4 Bxe4 28. Qxe4 Rd2 29. g5 Qf5 30. Qxf5 exf5 31. Re3 Rxf2 32. Kxf2 Rd2+ 33. Re2 Rxe2+ 34. Kxe2 Kf7 35. Ke3 Ke6 36. Kf3 Kd5 37. Ke3 Ke6 38. Kf3 Kd5 39. h4 Ke6 40. Ke3 Kd5 41.
Kf3 Ke6 42. Ke3 Kd5 43. Kf3 1/2-1/2

[Event "Early-Titled-Tuesday-Blitz-October-17-2023"]
[Site "Chess.com"]
[Date "2023.10.17"]
[Round "1"]
[White "Kostukov_Alex"]
[Black "Russian_berezka"]
[Result "0-1"]
[WhiteElo "2388"]
[BlackElo "2668"]
[TimeControl "180+1"]
[EndTime "8:06:48 PDT"]
[Termination "Russian_berezka won on time"]

1. g3 e5 2. c4 Nf6 3. Bg2 c6 4. a3 d5 5. cxd5 cxd5 6. d4 e4 7. Nc3 Nc6 8. Bg5 Be7 9. Nh3 h6 10.
Bxf6 Bxf6 11. Nf4 Be6 12. e3 O-O 13. O-O Bg5 14. Nxe6 fxe6 15. Qg4 Rf5 16. Rae1 h5 17. Qe2 h4 18. Bh3 Rf6 19. f3 exf3 20. Rxf3 Qd6 21.
Rxf6 Bxf6 22. Qg4 Kf7 23. Rf1 hxg3 24. hxg3 Rh8 25. Kg2 Ke7 0-1

[Event "Early-Titled-Tuesday-Blitz-October-17-2023"]
[Site "Chess.com"]
[Date "2023.10.17"]
[Round "1"]
[White "adotand"]
[Black "Cheer_Down"]
[Result "1-0"]
[WhiteElo "2864"]
[BlackElo "2502"]
[TimeControl "180+1"]
[EndTime "8:06:49 PDT"]
[Termination "adotand won by resignation"]

1. Nf3 d5 2. e3 Nf6 3. c4 e6 4. b3 c5 5. Bb2 Nc6 6. cxd5 exd5 7. d4 cxd4 8. exd4 Bb4+ 9. Nbd2 O-O 10. Be2 Ne4 11.
O-O Bf5 12. a3 Bxd2 13. Nxd2 Nxd2 14. Qxd2 Re8 15. Rac1 Rc8 16. Rfe1 h6 17. b4 Qg5 18. Qxg5 hxg5 19. Bf3 Be4 20. Bg4 Rcd8 21. Bc3 Bd3 22.
Rcd1 Bc2 23. Rc1 Bd3 24. a4 Re4 25. Bf3 Rxe1+ 26. Rxe1 b5 27. Bd1 a6 28. Re3 Bc4 29.
g3 Kf8 30. axb5 axb5 31. Kg2 Re8 32. Bd2 Rxe3 33. Bxe3 f6 34. f4 gxf4 35. Bxf4 Nxd4 36. Bh5 g5 37. Bd6+ Kg7 38. h4 gxh4 39. gxh4 Nf5 40. Bg3 Nxg3 41. Kxg3 d4 42. Kf4 Kh6 43. Bf3 d3 44. Ke3 Kg6 45. Bd1 Kh6 46. Kf4 Kg6 47. h5+ Kh6 48. Kf5 d2 49. Kxf6 Bd3 50. Ke5 Bc4 51.
Kf4 Bf7 52. Ke3 Bxh5 53. Bxh5 Kxh5 54. Kxd2 Kg6 55. Kd3 Kf6 56. Kd4 Ke6 57. Kc5 Kd7 58. Kxb5 Kc7 59. Ka6 Kb8 60. Kb6 Kc8 61. Ka7 Kc7 62. b5 1-0

[Event "Early-Titled-Tuesday-Blitz-October-17-2023"]
[Site "Chess.com"]
[Date "2023.10.17"]
[Round "1"]
[White "salomez"]
[Black "SashaKuzhilniy"]
[Result "0-1"]
[WhiteElo "2315"]
[BlackElo "2618"]
[TimeControl "180+1"]
[EndTime "8:06:50 PDT"]
[Termination "SashaKuzhilniy won by resignation"]

1. e4 g6 2. d4 Bg7 3. Nc3 d6 4. Be3 a6 5. a4 Nc6 6. f4 e5 7. fxe5 dxe5 8. d5 Nd4 9. Nf3 Bg4 10. h3 Bxf3 11. gxf3 Qh4+ 12. Bf2 Qf4 13. Bg2 Nf6 14. O-O Nh5 15. Bxd4 exd4 16. Ne2 Qe3+ 17. Rf2 Nf4 18. Ra3 d3 19. Nxf4 dxc2 20. Qxc2 Qxf4 21. Rb3 Bd4 22. Rxb7 O-O 23. Rxc7 Rab8 24. b3 Rxb3 25.
Qxb3 Qxc7 26. Qd3 Qc5 27. Qd2 Rb8 28. Bf1 Rb2 29. Qxb2 Bxb2 30. d6 Bd4 31. d7 Bxf2+ 32.
Kg2 Bh4 0-1

[Event "Early-Titled-Tuesday-Blitz-October-17-2023"]
[Site "Chess.com"]
[Date "2023.10.17"]
[Round "1"]
[White "stasOR4ik"]
[Black "Hovik_Hayrapetyan"]
[Result "0-1"]
[WhiteElo "2455"]
[BlackElo "2778"]
[TimeControl "180+1"]
[EndTime "8:06:51 PDT"]
[Termination "Hovik_Hayrapetyan won by resignation"]

1. e4 c5 2. c3 Nf6 3. e5 Nd5 4. d4 cxd4 5. Nf3 d6 6. Bc4 Nb6 7. Bb3 Nc6 8. exd6 Qxd6 9. cxd4 Be6 10. Nc3 Bxb3 11. Qxb3 e6 12. O-O Be7 13. Ne4 Qd5 14.
Qxd5 Nxd5 15. a3 O-O 16. Be3 Rfd8 17. Rac1 h6 18. Rfd1 Rac8 19. h3 b6 20. Kf1 Na5 21. Nfd2 f5 22. Nc3 Nxc3 23. Rxc3 Rxc3 24. bxc3 Bxa3 25.
Ke2 Bd6 26. Kd3 f4 27. c4 fxe3 28. fxe3 e5 29. Ne4 exd4 30. exd4 Be5 31. Kc3 Rxd4 32. Rxd4 Nc6 33. c5 Bxd4+ 34. Kc4 Bxc5 35. Kb5 Nd4+ 36.
Ka6 Be7 37. Kxa7 b5 38. Ka6 b4 39. Nd2 b3 40. Ka5 b2 41. Ka4 Kf7 0-1

[Event "Early-Titled-Tuesday-Blitz-October-17-2023"]
[Site "Chess.com"]
[Date "2023.10.17"]
[Round "1"]
[White "BelaKis"]
[Black "Orest_Vovk"]
[Result "1-0"]
[WhiteElo "2178"]
[BlackElo "2539"]
[TimeControl "180+1"]
[EndTime "8:06:52 PDT"]
[Termination "BelaKis won on time"]

1. d4 Nc6 2. Nf3 e6 3. a3 Nf6 4. c4 Be7 5. Nc3 O-O 6. e4 d6 7. Be2 e5 8. d5 Nb8 9. b4 a5 10. Rb1 axb4 11. axb4 Bg4 12. Nd2 Bxe2 13. Qxe2 Nbd7 14.
Nb3 h6 15. Be3 Nh7 16. O-O Bg5 17. c5 f5 18. f3 Bxe3+ 19. Qxe3 f4 20. Qe2 Qe7 21.
cxd6 cxd6 22. Rfc1 Rfc8 23. Na5 Ndf6 24. Nb5 g5 25.
Qd2 g4 26. Rxc8+ Rxc8 27. Rc1 Rxc1+ 28. Qxc1 gxf3 29. Qc8+ Nf8 30. gxf3 Qg7+ 31. Kf2 Qg5 32. Qh3 Ne8 33. Nxb7 Qg7 34. Qc8 Qe7 35. Na5 Qh4+ 36. Kf1 Ng7 37. Qg4 Qxh2 38. Nxd6 Qh1+ 39. Kf2 Qh2+ 40.
Qg2 Qh4+ 41. Ke2 Qd8 42. Ndc4 Qc8 43. Qg1 Qb8 44. Qc5 Qd8 45. d6 Qh4 46. Qd5+ Nge6 47.
d7 Qh2+ 48. Kd3 Qf2 49. d8=Q Qxf3+ 50. Kc2 1-0

[Event "Early-Titled-Tuesday-Blitz-October-17-2023"]
[Site "Chess.com"]
[Date "2023.10.17"]
[Round "1"]
[White "AyMitecK"]
[Black "familijatop71"]
[Result "1-0"]
[WhiteElo "2550"]
[BlackElo "2127"]
[TimeControl "180+1"]
[EndTime "8:06:52 PDT"]
[Termination "AyMitecK won on time"]

1. e4 d5 2. exd5 Qxd5 3. Nc3 Qa5 4. d4 c6 5. Bc4 Bf5 6. Ne2 e6 7. O-O Nd7 8. Ng3 Bg6 9. f4 Nh6 10. Qe2 Be7 11. Bd2 Qb6 12. Kh1 Nf6 13. Rae1 Qc7 14. Nd1 Nf5 15. Nxf5 Bxf5 16. Ne3 Be4 17. Bd3 Bxd3 18.
Qxd3 O-O-O 19. f5 e5 20. c3 e4 21. Qc4 Bd6 22. Qa4 Kb8 23. h3 h5 24. Nc4 Nd5 25.
Nxd6 Rxd6 26. c4 Nb6 27. Qb3 Qd8 28. Bf4 Nc8 29. c5 1-0

[Event "Early-Titled-Tuesday-Blitz-October-17-2023"]
[Site "Chess.com"]
[Date "2023.10.17"]
[Round "1"]
[White "MAGMAchess02"]
[Black "PapiPapita"]
[Result "0-1"]
[WhiteElo "2348"]
[BlackElo "2638"]
[TimeControl "180+1"]
[EndTime "8:06:53 PDT"]
[Termination "PapiPapita won on time"]

1. Nf3 d5 2. c4 d4 3. b4 f6 4. e3 c5 5. bxc5 Nc6 6. exd4 Nxd4 7. Bb2 e5 8. Nxd4 exd4 9. d3 Bxc5 10. Qh5+ g6 11. Qxc5 Kf7 12. Qd5+ Qxd5 13. cxd5 Ne7 14. d6 Nf5 15. Be2 Re8 16. Kd2 Bd7 17. Bf3 Rac8 18.
Bd5+ Kg7 19. Na3 Rc5 20. Bf3 Nxd6 21. Bxd4 Ra5 22. Nc4 Nxc4+ 23. dxc4 Be6 24. Bc3 Rc5 25. Bd5 Rd8 26. Kc2 Bxd5 27. cxd5 Rdc8 28. Rad1 Rxc3+ 29. Kb1 Kf7 30. Rhe1 Rd8 31. d6 Rd7 32. Re2 Rc5 33. Kb2 Re5 34. Red2 Ke6 35. g3 b6 36. f4 Re4 37. Kb3 h5 38. Kc3 h4 39. gxh4 Rxf4 40.
Rg2 Kf7 41. Rgd2 Rxh4 0-1

[Event "Early-Titled-Tuesday-Blitz-October-17-2023"]
[Site "Chess.com"]
[Date "2023.10.17"]
[Round "1"]
[White "CuattroPrincesses"]
[Black "GradualismUnleashed"]
[Result "0-1"]
[WhiteElo "2287"]
[BlackElo "2611"]
[TimeControl "180+1"]
[EndTime "8:06:56 PDT"]
[Termination "GradualismUnleashed won by resignation"]

1. e4 c5 2. Nf3 e6 3. d4 cxd4 4. Nxd4 Nc6 5. Nc3 Qc7 6. Be3 a6 7. Qd2 Nf6 8. f3 Be7 9. O-O-O b5 10. g4 Nxd4 11. Bxd4 Bb7 12. g5 Nh5 13. Be5 Qxe5 14. Qxd7+ Kf8 15. Qxb7 Bxg5+ 16. Kb1 Qb8 17. Qc6 Qc8 18.
Qd6+ Be7 19. Qe5 Qc5 20. Qxc5 Bxc5 21. Bd3 Ke7 22. a4 b4 23. Ne2 g5 24. h4 h6 25.
hxg5 hxg5 26. Rh3 Nf4 27. Nxf4 gxf4 28. Rxh8 Rxh8 29. Bxa6 Rh3 30. Rd3 Be3 31. Bb5 Rxf3 32. a5 Rf1+ 33. Ka2 Rc1 34. Kb3 Bc5 35. e5 f6 36.
Rd7+ Kf8 37. exf6 f3 38. a6 Ra1 39. Kc4 Bb6 40. Kxb4 f2 41. Rb7 Bd4 42. c3 Be3 43. c4 f1=Q 0-1

[Event "Early-Titled-Tuesday-Blitz-October-17-2023"]
[Site "Chess.com"]
[Date "2023.10.17"]
[Round "1"]
[White "Cayse"]
[Black "betta2004"]
[Result "1-0"]
[WhiteElo "2891"]
[BlackElo "2507"]
[TimeControl "180+1"]
[EndTime "8:06:57 PDT"]
[Termination "Cayse won by resignation"]

1. e4 e5 2. Nf3 Nf6 3. Nc3 Nc6 4.
a4 Bc5 5. Nxe5 Nxe5 6. d4 Bd6 7. dxe5 Bxe5 8. Bd3 O-O 9. O-O c6 10. f4 Bd4+ 11. Kh1 d6 12. Ne2 Bb6 13. Ng3 Ng4 14. Qf3 Qh4 15. h3 Bd7 16. a5 Bc5 17.
Bd2 Nf6 18. Nf5 Bxf5 19. exf5 Nd5 20. c3 a6 21. b4 Ba7 22. c4 Nc7 23. Bc3 Rae8 24.
Rae1 d5 25. c5 Nb5 26. Bxb5 axb5 27. Kh2 Bb8 28. g3 Qd8 29. Qd3 Qd7 30. f6 g6 31.
f5 Rxe1 32. Rxe1 Re8 33. fxg6 hxg6 34. Qd2 Kh7 35. Qg5 Rh8 36. Re7 Qf5 37. Rxf7+ Kg8 38. Rg7+ Kf8 39. Qxf5 gxf5 40. Rxb7 1-0

[Event "Early-Titled-Tuesday-Blitz-October-17-2023"]
[Site "Chess.com"]
[Date "2023.10.17"]
[Round "1"]
[White "midedu"]
[Black "m_ezat"]
[Result "0-1"]
[WhiteElo "1987"]
[BlackElo "2539"]
[TimeControl "180+1"]
[EndTime "8:07:00 PDT"]
[Termination "m_ezat won by resignation"]

1. e4 c6 2. d4 d5 3. Nd2 dxe4 4. Nxe4 Bf5 5. Ng3 Bg6 6. Nf3 Nd7 7. h4 h6 8. h5 Bh7 9. Bd3 Bxd3 10. Qxd3 e6 11. Bd2 Ngf6 12. O-O-O Be7 13. Kb1 Rc8 14. c4 b5 15. c5 Nxc5 16. Qe2 Ncd7 17. Ne5 Nxe5 18.
dxe5 Nd5 19. Ne4 Qd7 20. f4 c5 21. g4 c4 22. Rc1 Qc6 23. f5 b4 24. fxe6 Qxe6 25. Ng3 c3 26. Nf5 O-O 27. Be1 cxb2 28. Rxc8 Rxc8 29. Kxb2 Nc3 30. Bxc3 bxc3+ 31. Ka1 Ba3 32.
Nd4 Qd5 33. Rd1 Bb2+ 34. Kb1 Rd8 35. g5 c2+ 36. Qxc2 Bxd4 0-1

[Event "Early-Titled-Tuesday-Blitz-October-17-2023"]
[Site "Chess.com"]
[Date "2023.10.17"]
[Round "1"]
[White "kingofthenil"]
[Black "ExcitingTrap"]
[Result "1-0"]
[WhiteElo "2718"]
[BlackElo "2418"]
[TimeControl "180+1"]
[EndTime "8:07:02 PDT"]
[Termination "kingofthenil won by resignation"]

1. e4 e5 2. Nf3 Nc6 3. Bc4 Bc5 4. c3 Nf6 5. d3 O-O 6. a4 a5 7. Na3 d5 8. exd5 Nxd5 9. O-O Bg4 10. h3 Bh5 11. Nc2 Nb6 12. Bb3 Re8 13. Be3 Bd6 14.
Bxb6 cxb6 15. Ne3 e4 16. dxe4 Rxe4 17. Nf5 Bc5 18. Ng3 Qxd1 19. Bxd1 Bxf3 20. Bxf3 Ree8 21. Rfd1 Rad8 22. Bd5 Ne5 23. Ne4 Bf8 24. Bxb7 Nd3 25. Rd2 f5 26. Ng5 Bc5 27. Kf1 h6 28. Rad1 Rb8 29.
Bd5+ Kh8 30. Nf7+ Kh7 31. Rxd3 1-0

[Event "Early-Titled-Tuesday-Blitz-October-17-2023"]
[Site "Chess.com"]
[Date "2023.10.17"]
[Round "1"]
[White "TomLiu777"]
[Black "KononenkoD"]
[Result "0-1"]
[WhiteElo "2338"]
[BlackElo "2636"]
[TimeControl "180+1"]
[EndTime "8:07:03 PDT"]
[Termination "KononenkoD won by resignation"]

1. c4 c5 2. Nc3 Nc6 3. g3 g6 4. Bg2 Bg7 5. h4 h5 6. b3 Nh6 7. Bb2 O-O 8. d3 d6 9. Qd2 Nf5 10. Nf3 Bd7 11. Bh3 Nfd4 12. Nxd4 Nxd4 13. Bxd7 Qxd7 14.
Nd5 e6 15. Nc3 d5 16. O-O-O a6 17. Na4 Qc7 18. g4 b5 19. Nc3 bxc4 20. dxc4 dxc4 21. gxh5 cxb3 22. a3 Nf5 23. e4 Bh6 24. exf5 Bxd2+ 25. Rxd2 exf5 26. Nd5 Qb7 27. Nf6+ Kg7 28. Ne8+ Kh7 29. Nf6+ Kh6 30. Rg1 Rfd8 31. Bc3 Qf3 32. hxg6 Qxc3+ 0-1

[Event "Early-Titled-Tuesday-Blitz-October-17-2023"]
[Site "Chess.com"]
[Date "2023.10.17"]
[Round "1"]
[White "Deadmold"]
[Black "GlavkonVVS"]
[Result "0-1"]
[WhiteElo "2203"]
[BlackElo "2568"]
[TimeControl "180+1"]
[EndTime "8:07:03 PDT"]
[Termination "GlavkonVVS won on time"]

1. d4 Nf6 2. Nf3 c5 3. d5 e6 4.
c4 exd5 5. cxd5 d6 6. Nc3 g6 7. e4 Bg7 8. Be2 O-O 9. Bg5 a6 10. a4 Re8 11. Nd2 Nbd7 12. O-O Rb8 13. f4 c4 14.
Nxc4 b5 15. axb5 axb5 16. Na5 b4 17. Nb1 Qb6+ 18. Kh1 Nxe4 19. Nc6 Nf2+ 20. Rxf2 Qxf2 21. Bh4 Qxe2 22. Qxe2 Rxe2 23. Nxb8 Nxb8 24. Ra8 Rc2 25. h3 Bxb2 26. Rxb8 Kg7 27. Kh2 Bc1 28. Rxb4 Bf5 29. Be1 h6 30. Bc3+ Kh7 31. Rb8 g5 32. Rh8+ Kg6 33.
Rg8+ Kh5 34. fxg5 hxg5 35. Kg1 Be4 36. Rh8+ Kg6 37. Rg8+ Kh6 38. Rh8+ Bh7 39. g4 Bf4 40. Kf1 Rc1+ 41. Ke2 Rxb1 42. Bf6 Rb3 43. h4 gxh4 44. g5+ Bxg5 45. Bxg5+ Kxg5 46. Rxh7 Rb7 0-1

[Event "Early-Titled-Tuesday-Blitz-October-17-2023"]
[Site "Chess.com"]
[Date "2023.10.17"]
[Round "1"]
[White "The_Machine04"]
[Black "PoXerStar"]
[Result "1-0"]
[WhiteElo "2706"]
[BlackElo "2417"]
[TimeControl "180+1"]
[EndTime "8:07:04 PDT"]
[Termination "The_Machine04 won on time"]

1. d4 Nf6 2. Nf3 b6 3. Nbd2 d5 4. e3 Bb7 5. Bd3 e6 6. Ne5 Bd6 7. f4 c5 8. c3 Nc6 9. O-O O-O 10.
Qf3 Ne7 11. g4 g6 12. g5 Nd7 13. Ng4 f5 14. gxf6 Nxf6 15. Nh6+ Kh8 16. Qh3 Nf5 17. Nf3 Ne4 18. Bxe4 dxe4 19. Ng5 Nxh6 20. Qxh6 Qe7 21. b3 cxd4 22. cxd4 Ba6 23. Rf2 Rac8 24. Bb2 Kg8 25. h4 Rf5 26. h5 gxh5 27. Rg2 Qg7 28. Qxg7+ Kxg7 29. Nxe4+ 1-0

[Event "Early-Titled-Tuesday-Blitz-October-17-2023"]
[Site "Chess.com"]
[Date "2023.10.17"]
[Round "1"]
[White "ViktoriyaTarasova"]
[Black "ChessSkool"]
[Result "0-1"]
[WhiteElo "2386"]
[BlackElo "2668"]
[TimeControl "180+1"]
[EndTime "8:07:04 PDT"]
[Termination "ChessSkool won on time"]

1. d4 Nf6 2. c4 g6 3. Nc3 d5 4. cxd5 Nxd5 5. g3 c5 6. Bg2 Nxc3 7. bxc3 Bg7 8. e3 O-O 9. Ne2 Nc6 10. O-O Qc7 11. Nf4 Rd8 12. Qe2 e5 13. Nd5 Qd6 14.
Ba3 exd4 15. cxd4 Be6 16. Bxc5 Qd7 17. Nf4 Bg4 18. f3 b6 19. fxg4 bxc5 20. Rac1 Rab8 21.
Bxc6 Qxc6 22. Rxc5 Qe8 23. Qf2 Rb6 24. Nd5 Rbd6 25. e4 Qxe4 26. Qxf7+ Kh8 27. Ne7 Bxd4+ 0-1

[Event "Early-Titled-Tuesday-Blitz-October-17-2023"]
[Site "Chess.com"]
[Date "2023.10.17"]
[Round "1"]
[White "LuisFSiles"]
[Black "Ramosha"]
[Result "0-1"]
[WhiteElo "2324"]
[BlackElo "2627"]
[TimeControl "180+1"]
[EndTime "8:07:08 PDT"]
[Termination "Ramosha won on time"]

1. e4 c6 2. d4 d5 3. exd5 cxd5 4. c4 Nf6 5. Nc3 Nc6 6. Bg5 Ne4 7. Nxe4 dxe4 8. d5 Ne5 9. Qd4 f6 10. Bd2 Bf5 11.
f4 exf3 12. Nxf3 Nxf3+ 13. gxf3 e5 14. Qe3 Rc8 15. b4 b5 16. Rc1 Be7 17. Rg1 O-O 18. c5 Qxd5 19. Bxb5 Kh8 20. Bc4 Qb7 21. Rxg7 Kxg7 22.
Qh6+ Kh8 23. Kf2 Rg8 24. Bxg8 Rxg8 25. c6 Qa6 26. c7 Qxa2 27. Rc6 Qb1 28. Be1 Qb2+ 29.
Bd2 Qd4+ 30. Be3 Qb2+ 31. Bd2 Qd4+ 32. Be3 Qd1 33. Rc1 Qd7 34. Bc5 Bxc5+ 0-1

[Event "Early-Titled-Tuesday-Blitz-October-17-2023"]
[Site "Chess.com"]
[Date "2023.10.17"]
[Round "1"]
[White "Lennis93"]
[Black "FrenchMonster2002"]
[Result "0-1"]
[WhiteElo "2699"]
[BlackElo "2459"]
[TimeControl "180+1"]
[EndTime "8:07:09 PDT"]
[Termination "FrenchMonster2002 won by checkmate"]

1. c4 e6 2. g3 f5 3. Bg2 Nf6 4. Nc3 Be7 5. Nh3 d6 6. d4 O-O 7. O-O c6 8. Nf4 e5 9. dxe5 dxe5 10. Nd3 Qc7 11. Qb3 Be6 12. Rd1 Nbd7 13. Be3 Ng4 14.
Bd2 b5 15. Qc2 bxc4 16. Ne1 Bc5 17. e3 f4 18. Qc1 Nxf2 19. Ne4 Nxe4 20. Bxe4 Nf6 21.
Bg2 fxg3 22. hxg3 e4 23. Nc2 Qxg3 24. Be1 Qg5 25. Nd4 Bh3 26. Rd2 Nd5 27. Qxc4 Qxe3+ 28. Kh2 Bxg2 29. Kxg2 Bxd4 30. Qxd4 Nf4+ 31. Kh2 Qh3+ 32. Kg1 Ne2+ 33. Rxe2 Rf1# 0-1

[Event "Early-Titled-Tuesday-Blitz-October-17-2023"]
[Site "Chess.com"]
[Date "2023.10.17"]
[Round "1"]
[White "Budisavljevic"]
[Black "Haykoooo0o"]
[Result "1-0"]
[WhiteElo "2728"]
[BlackElo "2445"]
[TimeControl "180+1"]
[EndTime "8:07:10 PDT"]
[Termination "Budisavljevic won by resignation"]

1. d4 f5 2. Bf4 Nf6 3. e3 g6 4. h4 Bg7 5. h5 d6 6. h6 Bf8 7. Nf3 e6 8. c4 Be7 9. Nc3 O-O 10. Qc2 b6 11. Bd3 Bb7 12. O-O-O Nc6 13. a3 Na5 14. Rhe1 a6 15. e4 fxe4 16. Nxe4 Nxe4 17. Bxe4 Rxf4 18. Bxb7 Nxb7 19. Rxe6 Qf8 20. Rde1 Re8 21. Kb1 Nd8 22. R6e3 Nf7 23. Qe2 Nxh6 24. Rxe7 Rxe7 25. Qxe7 Qxe7 26. Rxe7 Rf7 27. Re8+ Rf8 28.
Rxf8+ Kxf8 29. Ng5 Ke7 30. Nxh7 Ng4 31. Kc2 Nxf2 32.
Ng5 Kf6 33. Nf3 Kf5 34. d5 Ng4 35. Kc3 Ne3 36. Nd4+ Kf6 37. Ne6 c5 38. g3 Nf1 39.
Nf8 Nxg3 40. Nd7+ Kf5 41. Nxb6 Ne4+ 42. Kd3 g5 43. b4 g4 44. Ke3 g3 45. Kf3 Ke5 46.
b5 axb5 47. cxb5 Nc3 48. a4 Nxd5 49. Nc4+ Ke6 50. a5 Nb4 51. a6 Nd5 52. a7 Nc7 53. b6 1-0

[Event "Early-Titled-Tuesday-Blitz-October-17-2023"]
[Site "Chess.com"]
[Date "2023.10.17"]
[Round "1"]
[White "Gyulamiryan-koryun"]
[Black "Zorbos"]
[Result "0-1"]
[WhiteElo "1938"]
[BlackElo "2532"]
[TimeControl "180+1"]
[EndTime "8:07:10 PDT"]
[Termination "Zorbos won on time"]

1. e4 c5 2. Nf3 d6 3. d4 cxd4 4. Nxd4 Nf6 5. Nc3 a6 6. Be3 e5 7.
Nb3 Be7 8. a4 Be6 9. Qd2 Ng4 10.
Be2 Nxe3 11. Qxe3 Nd7 12. O-O O-O 13. Bd3 Rc8 14. Rad1 Nc5 15. Nxc5 dxc5 16. Nd5 Bxd5 17. exd5 Qd6 18. Bf5 Rb8 19. Qe4 g6 20. Bh3 f5 21. Qe2 e4 22. c4 Bf6 23. b3 Be5 24. g3 g5 25. Qh5 h6 26. Bg2 Rf7 27. Rfe1 Rbf8 28. h4 Rg7 29. Kh1 gxh4 30. Qxh4 Bf6 31. Qh3 h5 32. Re2 Rg5 33. Qh4 Rf7 34. Qxe4 fxe4 35.
Bxe4 Bd4 36. Bd3 Rxf2 37. Rxf2 Bxf2 38. Rf1 Qxg3 0-1

[Event "Early-Titled-Tuesday-Blitz-October-17-2023"]
[Site "Chess.com"]
[Date "2023.10.17"]
[Round "1"]
[White "Khromkin"]
[Black "Firouzja2003"]
[Result "0-1"]
[WhiteElo "2526"]
[BlackElo "3074"]
[TimeControl "180+1"]
[EndTime "8:07:12 PDT"]
[Termination "Firouzja2003 won on time"]

1. d4 Nf6 2. c4 g6 3. Nf3 Bg7 4. Nc3 O-O 5. g3 d6 6. Bg2 Nbd7 7. O-O e5 8. h3 c6 9. e4 Re8 10. Be3 exd4 11. Nxd4 Nc5 12. Qc2 Qe7 13. Rfe1 Bd7 14. Rad1 h5 15. Bg5 Qf8 16. b4 Ne6 17. Nxe6 Bxe6 18. Ne2 a5 19. a3 axb4 20. axb4 Nd7 21. Nf4 Ne5 22. Nxe6 fxe6 23. f4 Nf7 24. Bh4 e5 25. c5 dxc5 26. bxc5 Ra5 27. Rc1 Ra3 28. Qb2 Ra7 29. Qb6 Rea8 30. Red1 Bh6 31. Rf1 Qb8 32. fxe5 Qxe5 33. Qb3 Rf8 34. Rc2 g5 0-1

[Event "Early-Titled-Tuesday-Blitz-October-17-2023"]
[Site "Chess.com"]
[Date "2023.10.17"]
[Round "1"]
[White "MMAHDI2013"]
[Black "AvitalBor"]
[Result "0-1"]
[WhiteElo "2479"]
[BlackElo "2820"]
[TimeControl "180+1"]
[EndTime "8:07:12 PDT"]
[Termination "AvitalBor won on time"]

1. c4 c5 2. Nf3 g6 3. d4 cxd4 4. Nxd4 Nf6 5. Nc3 Bg7 6. e4 Nc6 7. Nc2 O-O 8. Be2 a5 9. O-O a4 10. a3 d6 11. f3 Nd7 12. Kh1 Nc5 13. Nb4 Nb3 14. Rb1 Nxc1 15. Rxc1 Qa5 16. Ncd5 Re8 17. Rb1 e6 18. Nxc6 bxc6 19. Nb4 c5 20. Nc2 Rd8 21. f4 Rb8 22. Qc1 Bb7 23. Bf3 Ba6 24. Ne3 Bd4 25. Nc2 Bg7 26. Ne3 Rb3 27. Bd1 Rb6 28.
f5 Bd4 29. fxe6 fxe6 30. Rf3 Qe1+ 31. Nf1 Rf8 32. Bxa4 Qxc1 33. Rxc1 Rxf3 34. gxf3 Rxb2 35. Rc2 Rxc2 36. Bxc2 Bxc4 37. Nd2 Be2 38. Bb3 Kf7 39. Kg2 Ke7 40. Nc4 d5 41. exd5 exd5 42. Nb6 c4 43. Nxd5+ Kd6 44. Nf4 cxb3 45. Nxe2 b2 46. Nc3 Bxc3 0-1

[Event "Early-Titled-Tuesday-Blitz-October-17-2023"]
[Site "Chess.com"]
[Date "2023.10.17"]
[Round "1"]
[White "BahadirOzen"]
[Black "Fan_Of_Chucky"]
[Result "1/2-1/2"]
[WhiteElo "2797"]
[BlackElo "2477"]
[TimeControl "180+1"]
[EndTime "8:07:12 PDT"]
[Termination "Game drawn - insufficient material"]

1. g3 Nf6 2. Nf3 c5 3. Bg2 Nc6 4. O-O g6 5. c4 Bg7 6. d4 cxd4 7. Nxd4 O-O 8. Nc3 d6 9. Nxc6 bxc6 10. Bxc6 Bh3 11.
Bxa8 Qxa8 12. f3 Bxf1 13. Kxf1 Qc6 14. Qd3 Nd7 15. Nd5 Re8 16. Bg5 Ne5 17. Qe4 f6 18. Bf4 Qxc4 19. Bxe5 Qxe4 20. fxe4 fxe5 21. b4 Kf7 22.
Rc1 e6 23. Rc7+ Kf8 24. Nc3 Re7 25. Rc8+ Kf7 26. Rd8 d5 27. exd5 exd5 28. Nxd5 Rb7 29. e4 Bf8 30. a3 a5 31. bxa5 Ra7 32. a4 Rxa5 33. Rd7+ Ke6 34. Rxh7 Rxa4 35. Rh4 Ra2 36. Rg4 Kf7 37. h3 Bc5 38. Ke1 Bf2+ 39. Kd1 Ra3 40. Ke2 Bxg3 41. Rg5 Bf4 42. Rg4 Rxh3 43. Nxf4 exf4 44.
Rxf4+ Ke6 45. Rg4 Ke5 46. Rxg6 Kxe4 47. Kf2 Kf5 48. Rg3 Rxg3 49. Kxg3 1/2-1/2

[Event "Early-Titled-Tuesday-Blitz-October-17-2023"]
[Site "Chess.com"]
[Date "2023.10.17"]
[Round "1"]
[White "Fh2411"]
[Black "GMJustin"]
[Result "1-0"]
[WhiteElo "2555"]
[BlackElo "2165"]
[TimeControl "180+1"]
[EndTime "8:07:13 PDT"]
[Termination "Fh2411 won on time"]

1. d4 Nf6 2. Nf3 e6 3. Bf4 c5 4.
e3 b6 5. Nbd2 Bb7 6. Nc4 d5 7.
Nce5 Be7 8. Bb5+ Kf8 9. c3 Ne4 10. Nxf7 Kxf7 11. Ne5+ Kg8 12. Qh5 Qf8 13. f3 Nd6 14.
Bd3 Qe8 15. Qh3 Bf8 16. O-O Nd7 17. Ng4 Qf7 18. Rae1 cxd4 19. cxd4 h5 20. Nf2 Be7 21. Rc1 Rc8 22. Rxc8+ Nxc8 23. Rc1 g5 24. Rc7 gxf4 25.
Rxb7 fxe3 26. Qg3+ Qg7 27. Nd1 Qxg3 28. hxg3 Nf6 29.
Nxe3 Nd6 30. Rxe7 Kf8 31. Rxa7 1-0

[Event "Early-Titled-Tuesday-Blitz-October-17-2023"]
[Site "Chess.com"]
[Date "2023.10.17"]
[Round "1"]
[White "Noki102"]
[Black "Zurability"]
[Result "0-1"]
[WhiteElo "2449"]
[BlackElo "2747"]
[TimeControl "180+1"]
[EndTime "8:07:14 PDT"]
[Termination "Zurability won by checkmate"]

1. d4 Nf6 2. Nf3 e6 3. c4 d5 4. g3 Be7 5. Bg2 O-O 6. O-O dxc4 7. Qa4 a6 8. Qxc4 b5 9. Qc2 Bb7 10. Bf4 Bd6 11. Nc3 Bxf4 12. gxf4 Nbd7 13. Ne5 Bxg2 14.
Kxg2 c5 15. Rfd1 Qc8 16. Nxd7 Nxd7 17. Ne4 Qb7 18. Kg1 cxd4 19. Rxd4 e5 20. fxe5 Nxe5 21. Rad1 h6 22. Rd5 Rac8 23. Nc5 Qe7 24. b4 Ng6 25. Kh1 Rfe8 26. e3 Qf6 27. Rf5 Qc6+ 28. e4 Rcd8 29. Rg1 Rd6 30. Qb3 Rf6 31. Rxg6 Rxg6 32. Qxf7+ Kh7 33. h4 Rxe4 34. Nxe4 Qxe4+ 35. Rf3 Qxh4+ 36. Rh3 Qxh3# 0-1

[Event "Early-Titled-Tuesday-Blitz-October-17-2023"]
[Site "Chess.com"]
[Date "2023.10.17"]
[Round "1"]
[White "GM_Huschenbeth"]
[Black "novocane"]
[Result "0-1"]
[WhiteElo "2587"]
[BlackElo "2380"]
[TimeControl "180+1"]
[EndTime "8:07:14 PDT"]
[Termination "novocane won by resignation"]

1. e4 c5 2. Nf3 Nc6 3. d4 cxd4 4. Nxd4 e5 5. Nb5 d6 6. N1c3 a6 7. Na3 b5 8. Nd5 Nge7 9. c3 Nxd5 10. exd5 Ne7 11. Bd3 g6 12. O-O Bg7 13. c4 O-O 14.
cxb5 f5 15. bxa6 e4 16. Bb5 Bxa6 17. Bxa6 Rxa6 18. Nc4 Qa8 19. Bf4 Nxd5 20. Bxd6 Rd8 21. b3 Bxa1 22. Qxa1 Raxd6 23. Nxd6 Rxd6 24. Rd1 Qd8 25. Qe5 Rd7 26. h4 Nc7 27. Rxd7 Qxd7 28. h5 Qd1+ 29.
Kh2 Qxh5+ 30. Kg1 Qd1+ 31. Kh2 Qd7 32. a4 Nd5 33. a5 Qc7 34. Qxc7 Nxc7 35. Kg3 g5 36. f4 g4 37. Kf2 Kf7 38. Ke3 Ke6 39. Kd4 Kd6 40. b4 Kc6 41. Kc4 Nb5 42. g3 h5 43. a6 Kb6 44. Kd5 e3 45. a7 Nxa7 0-1